 Dungeon Crawl Stone Soup version 0.25.0-15-gac7dcb8919 (webtiles) character file.

Game seed: 16292030998463219832

1670 xccam the Skirmisher (level 9, -6/72 HPs)
             Began as a Gnoll Wanderer on June 29, 2020.
             Was an Initiate of Ru.
             Mangled by Harold
             ... wielding a +3 morningstar of draining
              (18 damage)
             ... on level 7 of the Dungeon.
             The game lasted 00:08:46 (6887 turns).

xccam the Skirmisher (Gnoll Wanderer)               Turns: 6887, Time: 00:08:46

Health: -6/72      AC:  8    Str: 21 (22) XL:     9   Next: 1%
Magic:  14/14      EV: 10    Int: 20 (21) God:    Ru [......]
Gold:   307        SH:  9    Dex: 15 (16) Spells: 15/15 levels left

rFire    . . .     SeeInvis .     - Unarmed
rCold    . . .     Gourm    .   b - +0 kite shield
rNeg     . . .     Faith    .   y - +0 scale mail
rPois    .         Spirit   .   (no helmet)
rElec    .         Reflect  .   (no cloak)
rCorr    .         Harm     .   g - +0 pair of gloves
MR       .....                  r - +0 pair of boots
Stlth    +.........             (no amulet)
HPRegen  0.22/turn              q - +6 ring of strength
MPRegen  0.14/turn              n - +6 ring of intelligence

@: heavily drained
A: distributed training, fangs 1, strong nose
a: Renounce Religion


You were on level 7 of the Dungeon.
You worshipped Ru.
Ru was noncommittal.
You were not hungry.

You visited 2 branches of the dungeon, and saw 8 of its levels.

You collected 432 gold pieces.
You spent 125 gold pieces at shops.

Inventory:

Hand Weapons
 a - a +0 hand axe
Missiles
 i - 50 poisoned darts (quivered)
Armour
 b - a +0 kite shield (worn)
 g - a +0 pair of gloves (worn)
 r - a +0 pair of boots (worn)
 u - a cursed +0 plate armour
 y - a +0 scale mail (worn)
Jewellery
 n - a +6 ring of intelligence (right hand)
 q - a +6 ring of strength (left hand)
 C - an uncursed ring of wizardry
Wands
 B - a wand of acid (11)
Scrolls
 e - a scroll of enchant armour {unknown}
 h - a scroll of magic mapping {unknown}
 j - 2 scrolls of blinking {unknown}
 m - 2 scrolls of fear {unknown}
 o - a scroll of remove curse
 p - 14 scrolls of identify {unknown}
 t - a scroll of fog {unknown}
 v - a scroll of enchant weapon {unknown}
 w - 2 scrolls of amnesia {unknown}
 E - 2 scrolls of noise {unknown}
Potions
 k - 3 potions of brilliance
 x - a potion of mutation {unknown}
 z - 2 potions of lignification
Comestibles
 f - 13 rations
 F - 11 chunks of flesh


   Skills:
 + Level 7.6(6.0) Fighting
 + Level 3.7(2.2) Short Blades
 + Level 3.7(2.2) Long Blades
 + Level 3.7(2.2) Axes
 + Level 3.7(2.2) Maces & Flails
 + Level 3.7(2.2) Polearms
 + Level 3.7(2.2) Staves
 + Level 3.7(2.2) Slings
 + Level 4.5(3.1) Bows
 + Level 3.7(2.2) Crossbows
 + Level 4.5(3.1) Throwing
 + Level 3.7(2.2) Armour
 + Level 5.9(4.4) Dodging
 + Level 3.7(2.2) Stealth
 + Level 4.5(3.1) Shields
 + Level 5.9(4.4) Unarmed Combat
 + Level 3.7(2.2) Spellcasting
 + Level 3.0(1.6) Conjurations
 + Level 3.0(1.6) Hexes
 + Level 3.0(1.6) Charms
 + Level 3.0(1.6) Summonings
 + Level 3.0(1.6) Necromancy
 + Level 3.0(1.6) Translocations
 + Level 3.0(1.6) Transmutations
 + Level 3.0(1.6) Fire Magic
 + Level 3.0(1.6) Ice Magic
 + Level 3.0(1.6) Air Magic
 + Level 3.0(1.6) Earth Magic
 + Level 3.0(1.6) Poison Magic
 + Level 4.0(2.6) Invocations
 + Level 3.7(2.2) Evocations


You had 15 spell levels left.
You didn't know any spells.
Your spell library contained the following spells:

 Spells                   Type           Power        Failure   Level  Hunger
 Animate Skeleton         Necr           N/A          71%         1    #......
 Apportation              Tloc           #.....       71%         1    #......
 Corona                   Hex            #......      71%         1    #......
 Summon Small Mammal      Summ           #...         71%         1    #......


Dungeon Overview and Level Annotations

Branches:
Dungeon (7/15)             Temple (1/1) D:6

Altars:
Ashenzari
Cheibriados
Dithmenos
Elyvilon
Fedhas
Gozag
Hepliaklqana
Kikubaaqudgha
Makhleb
Nemelex Xobeh
Qazlal
Ru
Trog
Uskayaw
Vehumet
Wu Jian
Xom
Yredelemnul
Zin
The Shining One

Shops:
D:5 *

Annotations:
D:7 Harold


Innate Abilities, Weirdness & Mutations

Your experience applies equally to all skills.
You have very sharp teeth.
Your uncanny sense of smell can sniff out nearby items.


Message History

Harold hits you with a +3 morningstar of draining!
* * * LOW HITPOINT WARNING * * *
You feel better.
It was a potion of might.
You feel very mighty all of a sudden.
Harold says, "My wife will appreciate not having to wash blood out of my clothes anymore."
Harold hits you but does no damage.
The crimson imp shouts, "Get thee hence, thou horrid sheep-biting dandiprat!"
You block the crimson imp's attack.
It was a potion of cancellation.
Your magical effects are unravelling.
You feel magically purged.
You feel less wooden.
Your +0 pair of gloves unmelds from your body.
Your +0 pair of boots unmelds from your body.
Your +0 scale mail unmelds from your body.
You feel a little less mighty now.
You feel a little less clever now.
Your resistance to elements expires.
Harold hits you with a +3 morningstar of draining!!
You die...

######.##.##.#
###.......# ..#
#........## ..#
####.#.##...# ...#
..##.#.##...# ...# ..##
#......######..$### ..##
#..##..:...........
...#...........(.5......
...#..#####.....@@......
<..#..# #.######...###
...#..# #.# ..# ##.# .
#.# $# ###.# #.. #
####.# .. '..#.# #))#.#
####.#


You could see Harold and a crimson imp.

Vanquished Creatures
  A hungry ghost (D:7)
  Menkaure (D:5)
  A water moccasin (D:6)
  A sky beast (D:6)
  An orc warrior (D:6)
  2 phantoms
  An ogre (D:4)
  A bullfrog (D:7)
  A scorpion (D:6)
  4 crimson imps
  A quasit (D:6)
  2 centaur zombies
  2 orc priests
  3 orc wizards
  Jessica (D:2)
  Natasha (twice) (D:3)
  6 worker ants
  A howler monkey zombie (D:7)
  4 adders
  2 shadow imps (D:6)
  An ooze (D:3)
  An adder zombie (D:6)
  2 worms
  A dart slug (D:1)
  2 leopard geckos
  13 orcs
  6 bats
  7 giant cockroaches
  5 goblins
  8 hobgoblins
  9 jackals
  8 kobolds
  2 quokkas
  3 ball pythons
  6 frilled lizards
  10 rats
122 creatures vanquished.

Vanquished Creatures (others)
  A quokka (D:3)
1 creature vanquished.

Grand Total: 123 creatures vanquished

Notes
Turn   | Place    | Note
-------+----------+-------------------------------------------
     0 | D:1      | xccam the Gnoll Wanderer began the quest for the Orb.
     0 | D:1      | xccam set off with the following items: a +0 hand axe, a +0
                  | kite shield, a potion of curing, a +0 robe, a ration
     0 | D:1      | Reached XP level 1. HP: 23/23 MP: 1/1
   193 | D:1      | Reached XP level 2. HP: 25/29 MP: 2/2
   586 | D:1      | Reached XP level 3. HP: 34/35 MP: 3/3
  1453 | D:2      | Reached skill level 1 in Invocations
  2015 | D:2      | Reached skill level 1 in Short Blades
  2015 | D:2      | Reached skill level 1 in Long Blades
  2015 | D:2      | Reached skill level 1 in Axes
  2015 | D:2      | Reached skill level 1 in Maces & Flails
  2015 | D:2      | Reached skill level 1 in Polearms
  2015 | D:2      | Reached skill level 1 in Staves
  2015 | D:2      | Reached skill level 1 in Slings
  2015 | D:2      | Reached skill level 1 in Crossbows
  2015 | D:2      | Reached skill level 1 in Armour
  2015 | D:2      | Reached skill level 1 in Stealth
  2015 | D:2      | Reached skill level 1 in Spellcasting
  2015 | D:2      | Reached skill level 1 in Evocations
  2055 | D:2      | Found a glowing golden altar of the Shining One.
  2057 | D:2      | Found an ornate altar of the Wu Jian Council.
  2110 | D:2      | Noticed Jessica
  2113 | D:2      | Killed Jessica
  2113 | D:2      | Reached XP level 4. HP: 41/41 MP: 5/5
  2396 | D:3      | Reached skill level 1 in Conjurations
  2396 | D:3      | Reached skill level 1 in Hexes
  2396 | D:3      | Reached skill level 1 in Charms
  2396 | D:3      | Reached skill level 1 in Summonings
  2396 | D:3      | Reached skill level 1 in Necromancy
  2396 | D:3      | Reached skill level 1 in Translocations
  2396 | D:3      | Reached skill level 1 in Transmutations
  2396 | D:3      | Reached skill level 1 in Fire Magic
  2396 | D:3      | Reached skill level 1 in Ice Magic
  2396 | D:3      | Reached skill level 1 in Air Magic
  2396 | D:3      | Reached skill level 1 in Earth Magic
  2396 | D:3      | Reached skill level 1 in Poison Magic
  2396 | D:3      | Reached XP level 5. HP: 19/47 MP: 6/6
  2773 | D:3      | Noticed Natasha
  2785 | D:3      | Killed Natasha
  3069 | D:3      | Noticed Natasha
  3075 | D:3      | Killed Natasha
  3303 | D:4      | Reached XP level 6. HP: 51/53 MP: 8/8
  3358 | D:4      | Reached skill level 5 in Dodging
  3358 | D:4      | Reached skill level 5 in Unarmed Combat
  3878 | D:4      | Found an opulent altar of Gozag.
  4102 | D:5      | Entered Level 5 of the Dungeon
  4153 | D:5      | Reached XP level 7. HP: 57/59 MP: 10/10
  4162 | D:5      | Found a snail-covered altar of Cheibriados.
  4354 | D:5      | Found Vualuz's Assorted Antiques.
  4363 | D:5      | Reached skill level 7 in Fighting
  4373 | D:5      | Bought a tubular copper ring for 125 gold pieces
  4602 | D:5      | Noticed Menkaure
  4616 | D:5      | Killed Menkaure
  4836 | D:6      | Reached XP level 8. HP: 45/67 MP: 12/12
  6273 | D:6      | Found a burning altar of Makhleb.
  6273 | D:6      | Found a radiant altar of Vehumet.
  6408 | D:6      | Found a staircase to the Ecumenical Temple.
  6415 | Temple   | Entered the Ecumenical Temple
  6512 | Temple   | Became a worshipper of Ru the Awakened
  6773 | D:7      | Reached XP level 9. HP: 62/72 MP: 14/14
  6872 | D:7      | Noticed Harold
  6887 | D:7      | Mangled by Harold

Illustrated notes

Levels and vault maps discovered:
D:1:      elethiomel_arrival_quiet, layout_basic
D:2:      layout_basic, minitemple, minmay_misc_feat_roman,
          hangedman_decor_points, uniq_jessica
D:3:      layout_loops_ring, first_ration, grunt_decor_clamped,
          lemuel_flame_loot_1, uniq_natasha
D:4:      layout_rooms, grunt_gozag_statues
D:5:      layout_loops_cross, serial_shops, nicolae_shop_statue_plus,
          cheibrodos_worm_habitat, uniq_menkaure
D:6:      layout_loops_cross, grunt_temple_overflow_lords_of_destruction,
          minmay_temple_entry_statues_pillars
D:7:      layout_loops_cross, minivault_25, corexii_checkpoint_a,
          uniq_prince_ribbit1, uniq_harold
Temple:   regret_index_temple_sphere_string

Skill      XL: |  1  2  3  4  5  6  7  8 |
---------------+-------------------------+-----
Invocations    | 1 2 3 4 |  4.0
Short Blades   | 1 2 3 |  3.7
Long Blades    | 1 2 3 |  3.7
Axes           | 1 2 3 |  3.7
Maces & Flails | 1 2 3 |  3.7
Polearms       | 1 2 3 |  3.7
Staves         | 1 2 3 |  3.7
Slings         | 1 2 3 |  3.7
Crossbows      | 1 2 3 |  3.7
Armour         | 1 2 3 |  3.7
Stealth        | 1 2 3 |  3.7
Spellcasting   | 1 2 3 |  3.7
Evocations     | 1 2 3 |  3.7
Conjurations   | 1 2 3 |  3.0
Hexes          | 1 2 3 |  3.0
Charms         | 1 2 3 |  3.0
Summonings     | 1 2 3 |  3.0
Necromancy     | 1 2 3 |  3.0
Translocations | 1 2 3 |  3.0
Transmutations | 1 2 3 |  3.0
Fire Magic     | 1 2 3 |  3.0
Ice Magic      | 1 2 3 |  3.0
Air Magic      | 1 2 3 |  3.0
Earth Magic    | 1 2 3 |  3.0
Poison Magic   | 1 2 3 |  3.0
Bows           | 3 4 |  4.5
Throwing       | 3 4 |  4.5
Shields        | 3 4 |  4.5
Dodging        | 5 |  5.9
Unarmed Combat | 5 |  5.9
Fighting       | 7 |  7.6

Action                   |  1- 3 |  4- 6 |  7- 9 || total
-------------------------+-------+-------+-------++-------
Melee: Unarmed           |   157 |   160 |   312 ||   629
       Bite              |    18 |    17 |    43 ||    78
Throw: Dart              |       |     4 |     7 ||    11
Evoke: Wand              |       |       |     1 ||     1
  Use: Scroll            |     1 |       |     1 ||     2
       Potion            |       |     1 |     8 ||     9
 Stab: Sleeping          |     4 |     2 |     1 ||     7
       Distracted        |       |       |     1 ||     1
  Eat: Chunk             |     4 |     6 |     4 ||    14
       Ration            |       |       |     3 ||     3
Armor: Robe              |    15 |     4 |       ||    19
       Leather armour    |       |    20 |       ||    20
       Scale mail        |       |     4 |   115 ||   119
       Skin              |       |       |     1 ||     1
Dodge: Dodged            |    58 |    64 |   102 ||   224
Block: Kite shield       |    65 |    70 |   131 ||   266
